[Event "29th Czech Open-Rapid 2018"]
[Site "Pardubice"]
[Date "2018.07.19"]
[Round "4"]
[White "Biolek, Richard"]
[Black "Chekletsov, Egor"]
[Result "1/2-1/2"]
[ECO "C42"]
[WhiteElo "2364"]
[BlackElo "2082"]
[Annotator "NA"]
[PlyCount "79"]
[EventDate "2018.07.18"]
[EventType "swiss"]
[EventCountry "CZE"]
[SourceTitle "playchess.com"]
[Source "ChessBase"]
[SourceQuality "1"]
[TimeControl "900+10"]

1. e4 e5 2. Nf3 Nf6 3. Nxe5 Qe7 4. Nf3 Nxe4 5. Be2 d5 6. O-O Qd8 7. c4 d4 8. d3 Nf6 9. Bg5 Be7 10. b4 O-O 11. a3 a5 12. b5 h6 13. Bh4 Bf5 14. Nbd2 c5 15. bxc6 Nxc6 16. Rb1 Ne8 17. Bxe7 Qxe7 18. Rb5 Nd6 19. Rb3 a4 20. Rb2 Rfd8 21. Re1 Ne8 22. Rb5 Nd6 23. Rb2 Ne8 24. Rb5 Nd6 25. Rb2 Ne8 26. Rb5 Nd6 27. Bf1 Qf8 28. Rb2 Ne8 29. Rb5 Nd6 30. Rb2 Ne8 31. Qa1 Na5 32. Rb5 Nd6 33. Rd5 Be6 34. Rxd4 b5 35. cxb5 Nxb5 36. Rxa4 Nb3 37. Rxa8 Nxa1 38. Rxd8 Qxd8 39. Rxa1 Qf6 40. Rb1 1/2-1/2

[Event "29th Czech Open-Rapid 2018"]
[Site "Pardubice"]
[Date "2018.07.19"]
[Round "4"]
[White "Grekh, Andrey"]
[Black "Tsvetkov, Andrey"]
[Result "0-1"]
[ECO "B92"]
[WhiteElo "2351"]
[BlackElo "2124"]
[Annotator "NA"]
[PlyCount "57"]
[EventDate "2018.07.18"]
[EventType "swiss"]
[EventCountry "CZE"]
[SourceTitle "playchess.com"]
[Source "ChessBase"]
[SourceQuality "1"]
[TimeControl "900+10"]

1. e4 c5 2. Nf3 d6 3. d4 cxd4 4. Nxd4 Nf6 5. Nc3 a6 6. Be2 e5 7. Nf3 Be7 8. O-O O-O 9. Bg5 Be6 10. Bxf6 Bxf6 11. Nd5 Nd7 12. c4 Rc8 13. b3 Be7 14. Nxe7+ Qxe7 15. Bd3 Nc5 16. Ne1 Bd7 17. Nc2 Bc6 18. Re1 Qg5 19. Ne3 Bxe4 20. Bxe4 Nxe4 21. Qd5 Nc5 22. Rad1 Rc6 23. b4 Ne6 24. b5 Nf4 25. Qf3 axb5 26. cxb5 Rc3 27. Rxd6 e4 28. Qg4 Rxe3 29. Qd1 0-1

[Event "29th Czech Open-Rapid 2018"]
[Site "Pardubice"]
[Date "2018.07.19"]
[Round "4"]
[White "Dolezal, Radoslav"]
[Black "Pein, Jonathan"]
[Result "1/2-1/2"]
[ECO "B01"]
[WhiteElo "2339"]
[BlackElo "2123"]
[Annotator "NA"]
[PlyCount "73"]
[EventDate "2018.07.18"]
[EventType "swiss"]
[EventCountry "CZE"]
[SourceTitle "playchess.com"]
[Source "ChessBase"]
[SourceQuality "1"]
[TimeControl "900+10"]

1. e4 d5 2. exd5 Qxd5 3. Nc3 Qd6 4. Bc4 Nf6 5. Nge2 g6 6. d4 Bg7 7. Bf4 Qd8 8. Qd2 O-O 9. Bh6 a6 10. Bxg7 Kxg7 11. a4 Nc6 12. O-O Bf5 13. Rfd1 Nb4 14. Bb3 c6 15. Ng3 Qd7 16. a5 Rad8 17. Na4 Nbd5 18. c4 Nc7 19. Nb6 Qe6 20. Re1 Qd6 21. Nxf5+ gxf5 22. Qg5+ Kh8 23. Qxf5 Ne6 24. d5 Nd4 25. Qd3 c5 26. Bd1 Rg8 27. b4 Qf4 28. g3 e5 29. bxc5 Qg5 30. Qe3 Qg7 31. Kf1 Rde8 32. Ra2 Ng4 33. Bxg4 Qxg4 34. Qe4 Qh3+ 35. Qg2 Qf5 36. Qe4 Qh3+ 37. Qg2 1/2-1/2

[Event "29th Czech Open-Rapid 2018"]
[Site "Pardubice"]
[Date "2018.07.19"]
[Round "4"]
[White "Frolov, Artur"]
[Black "Roenko, Artur"]
[Result "1-0"]
[ECO "D63"]
[WhiteElo "2327"]
[BlackElo "2119"]
[Annotator "NA"]
[PlyCount "121"]
[EventDate "2018.07.18"]
[EventType "swiss"]
[EventCountry "CZE"]
[SourceTitle "playchess.com"]
[Source "ChessBase"]
[SourceQuality "1"]
[TimeControl "900+10"]

1. d4 d5 2. Nf3 e6 3. Bg5 Nf6 4. c4 c6 5. Nc3 Be7 6. e3 O-O 7. Rc1 Nbd7 8. cxd5 exd5 9. Bd3 Re8 10. O-O Ne4 11. Bxe4 Bxg5 12. Nxg5 Qxg5 13. Bf3 Nf6 14. b4 a6 15. a4 Ne4 16. Re1 Qh4 17. g3 Qf6 18. Nxe4 dxe4 19. Be2 Be6 20. Rc5 Bd5 21. Qb1 Qd6 22. Rec1 g6 23. b5 axb5 24. axb5 Ra3 25. Bc4 Bxc4 26. R5xc4 cxb5 27. Qxb5 Re7 28. Rc8+ Kg7 29. Qb2 Ra6 30. R1c5 Qf6 31. Rb5 Rd7 32. Rb8 Ra7 33. R8xb7 Rdxb7 34. Rxb7 Rxb7 35. Qxb7 Qf3 36. Qb1 h5 37. h4 Kf8 38. Qb8+ Ke7 39. Qe5+ Kd7 40. Qf4 Qd1+ 41. Kg2 f5 42. Qe5 Qf3+ 43. Kg1 Qd1+ 44. Kh2 Qf3 45. Qb5+ Ke7 46. Qc5+ Kd7 47. Qc2 Qg4 48. d5 g5 49. Qc6+ Ke7 50. Qe6+ Kf8 51. Qf6+ Ke8 52. Qxg5 Qf3 53. Qf4 Qxf4 54. gxf4 Kd7 55. f3 exf3 56. Kg3 Kd6 57. Kxf3 Kxd5 58. e4+ fxe4+ 59. Ke3 Kd6 60. Kxe4 Ke6 61. f5+ {[%emt 0:00:03] Kd5+} 1-0

[Event "29th Czech Open-Rapid 2018"]
[Site "Pardubice"]
[Date "2018.07.19"]
[Round "4"]
[White "Sarkar, Justin"]
[Black "Rakshitta, Ravi"]
[Result "1-0"]
[ECO "C47"]
[WhiteElo "2314"]
[BlackElo "1565"]
[Annotator "NA"]
[PlyCount "69"]
[EventDate "2018.07.18"]
[EventType "swiss"]
[EventCountry "CZE"]
[SourceTitle "playchess.com"]
[Source "ChessBase"]
[SourceQuality "1"]
[TimeControl "900+10"]

1. e4 e5 2. Nf3 Nc6 3. Nc3 Nf6 4. a3 Be7 5. d4 exd4 6. Nxd4 O-O 7. Nxc6 dxc6 8. Qxd8 Rxd8 9. Bf4 Bd6 10. Bxd6 cxd6 11. O-O-O Be6 12. Be2 a5 13. Rd4 Kf8 14. Rhd1 Ke7 15. f4 b5 16. Bf3 Ne8 17. f5 c5 18. R4d3 b4 19. fxe6 bxc3 20. Rxc3 Kxe6 21. e5 Rab8 22. exd6 Nxd6 23. Rxc5 Rdc8 24. Rxa5 Nc4 25. Bg4+ Ke7 26. Ra7+ Kf8 27. Bxc8 Rxc8 28. Rdd7 Ne5 29. Re7 Rc5 30. Rec7 Nd3+ 31. Kb1 Rxc7 32. Rxc7 Nf4 33. a4 Nxg2 34. a5 Ke8 35. a6 1-0

[Event "29th Czech Open-Rapid 2018"]
[Site "Pardubice"]
[Date "2018.07.19"]
[Round "4"]
[White "Gomes, Mary Ann"]
[Black "Petr, Jan"]
[Result "1-0"]
[ECO "C47"]
[WhiteElo "2297"]
[BlackElo "2099"]
[Annotator "NA"]
[PlyCount "91"]
[EventDate "2018.07.18"]
[EventType "swiss"]
[EventCountry "CZE"]
[SourceTitle "playchess.com"]
[Source "ChessBase"]
[SourceQuality "1"]
[TimeControl "900+10"]

1. e4 e5 2. Nf3 Nf6 3. Nc3 Nc6 4. Bc4 Nxe4 5. Nxe4 d5 6. Bb5 dxe4 7. Nxe5 Bd7 8. Bxc6 Bxc6 9. Nxc6 bxc6 10. Qe2 f5 11. d3 Bb4+ 12. c3 Bd6 13. dxe4 O-O 14. exf5 Qh4 15. Be3 Rxf5 16. O-O-O Ra5 17. Rd4 Qf6 18. Qc4+ Kh8 19. Rhd1 Rb8 20. R1d2 Rab5 21. Qxc6 R5b6 22. Qa4 Be5 23. R4d3 c5 24. Bxc5 Bxc3 25. Bxb6 Bxd2+ 26. Rxd2 Qxb6 27. Qd7 h6 28. g3 a5 29. h4 Qa6 30. Qd3 Qe6 31. a3 Qa2 32. h5 Rc8+ 33. Rc2 Re8 34. Kd2 Qb1 35. Qd4 Qe1+ 36. Kd3 Qe7 37. Rc5 Qe2+ 38. Kc3 Rf8 39. f4 Re8 40. Re5 Rc8+ 41. Kb3 Rb8+ 42. Ka2 Qf3 43. Re6 Qxg3 44. Rxh6+ Kg8 45. Qd5+ Kf8 46. Rh8+ 1-0

[Event "29th Czech Open-Rapid 2018"]
[Site "Pardubice"]
[Date "2018.07.19"]
[Round "4"]
[White "Rosko, Lubos"]
[Black "Joukl, Zdenek"]
[Result "1/2-1/2"]
[ECO "B07"]
[WhiteElo "2294"]
[BlackElo "2068"]
[Annotator "NA"]
[PlyCount "44"]
[EventDate "2018.07.18"]
[EventType "swiss"]
[EventCountry "CZE"]
[SourceTitle "playchess.com"]
[Source "ChessBase"]
[SourceQuality "1"]
[TimeControl "900+10"]

1. e4 d6 2. d4 Nf6 3. Nc3 Nbd7 4. f4 c6 5. e5 {[%emt 0:00:52] B07: Pirc-Ufimzew-Verteidigung} Nd5 6. Nf3 (6. Nxd5 cxd5 7. Bd3 g6 8. Nf3 Qb6 9. h4 dxe5 10. fxe5 Nb8 11. h5 gxh5 12. Rxh5 Nc6 13. Rxh7 {0-1 (32) Siebrecht,S (2492)-Bauer,C (2627) Switzerland 2014}) 6... Nxc3 7. bxc3 Nb6 8. Bd3 g6 $146 ({Vorgänger:} 8... Bg4 9. O-O dxe5 10. fxe5 e6 11. Qe1 Bxf3 12. Rxf3 Qd7 {1-0 (27) Lejarre,L (2400)-Burg,B (2108) Cappelle-la-Grande 2011}) 9. O-O Bg7 10. a4 a5 11. exd6 Qxd6 12. Ba3 Qf6 13. Ne5 O-O 14. Bc5 Nd5 15. Qd2 b6 16. Ba3 Bf5 17. c4 Bxd3 18. cxd3 Nc7 19. Bb2 Qd6 20. Kh1 Ne6 21. Ba3 c5 $17 22. d5 Nxf4 1/2-1/2

[Event "29th Czech Open-Rapid 2018"]
[Site "Pardubice"]
[Date "2018.07.19"]
[Round "4"]
[White "Becker, Dirk"]
[Black "Holy, Filip"]
[Result "1-0"]
[ECO "D00"]
[WhiteElo "2288"]
[BlackElo "2042"]
[Annotator "NA"]
[PlyCount "27"]
[EventDate "2018.07.18"]
[EventType "swiss"]
[EventCountry "CZE"]
[SourceTitle "playchess.com"]
[Source "ChessBase"]
[SourceQuality "1"]
[TimeControl "900+10"]

1. d4 d5 2. Bf4 Nf6 3. e3 c5 4. Nc3 a6 5. dxc5 e6 6. Na4 Nbd7 7. b4 a5 8. a3 axb4 9. axb4 Ne4 10. Bb5 Qf6 11. Nf3 Nc3 12. Be5 Qxe5 13. Nxe5 Nxd1 14. Kxd1 1-0

[Event "29th Czech Open-Rapid 2018"]
[Site "Pardubice"]
[Date "2018.07.19"]
[Round "4"]
[White "Freisler, Pavel"]
[Black "Michelle Catherina, P."]
[Result "0-1"]
[ECO "A13"]
[WhiteElo "2237"]
[BlackElo "1970"]
[Annotator "ChessBase"]
[PlyCount "148"]
[EventDate "2018.07.18"]
[EventType "swiss"]
[EventCountry "CZE"]
[SourceTitle "playchess.com"]
[Source "ChessBase"]
[SourceQuality "1"]
[TimeControl "900+10"]

1. Nf3 d5 2. c4 e6 3. g3 Nf6 4. Bg2 dxc4 5. Qa4+ c6 6. Qxc4 b5 7. Qb3 Bb7 8. a4 a6 9. d3 Nbd7 10. Be3 c5 11. axb5 Bd5 12. Qc2 axb5 13. Rxa8 Qxa8 14. O-O Be7 15. Na3 Bc6 16. Bg5 O-O 17. Nh4 Rb8 18. Bxc6 Qxc6 19. Nf3 Qd5 20. Rc1 h6 21. Bf4 e5 22. Bd2 e4 23. dxe4 Nxe4 24. Bf4 Rb7 25. Rd1 Qe6 26. Ne5 Nxf2 27. Kxf2 Nxe5 28. Kg2 Ng6 29. Bc1 c4 30. Qd2 Qc6+ 31. Qd5 Qxd5+ 32. Rxd5 Bxa3 33. bxa3 Ne7 34. Rc5 Rb6 35. Bd2 Nc6 36. Rd5 Rb7 37. Bc3 Kh7 38. Rd6 Ne7 39. g4 f6 40. Kf3 Ng6 41. Rd5 Ne7 42. Rd6 Ng6 43. Rd5 Ne7 44. Rd6 Kg6 45. h4 Kf7 46. h5 Nc8 47. Rc6 Ne7 48. Rd6 Nc8 49. Rc6 Ne7 50. Rd6 Nc8 51. Rc6 Nb6 52. e4 Na4 53. Bd4 Rd7 54. Ke3 Ke7 55. e5 fxe5 56. Bxe5 Kf7 57. Ke4 Re7 58. Kf5 Rb7 59. Bd4 Rd7 60. Be5 Rb7 61. Bd4 Re7 62. Be5 Rd7 63. Rg6 Kg8 64. Rc6 Kf7 65. Rg6 Kg8 66. g5 hxg5 67. h6 c3 68. hxg7 c2 69. Rc6 Rd8 70. Rxc2 Re8 71. Bf6 Nb6 72. Rh2 Kf7 73. Rb2 Nc4 74. Rxb5 Nd6+ 0-1

[Event "29th Czech Open-Rapid 2018"]
[Site "Pardubice"]
[Date "2018.07.19"]
[Round "4"]
[White "Balint, Vilmos"]
[Black "Zdrazil, Tomas"]
[Result "1/2-1/2"]
[ECO "D79"]
[WhiteElo "2226"]
[BlackElo "2017"]
[Annotator "NA"]
[PlyCount "174"]
[EventDate "2018.07.18"]
[EventType "swiss"]
[EventCountry "CZE"]
[SourceTitle "playchess.com"]
[Source "ChessBase"]
[SourceQuality "1"]
[TimeControl "900+10"]

1. Nf3 Nf6 2. g3 g6 3. Bg2 Bg7 4. O-O O-O 5. c4 c6 6. d4 d5 {[%emt 0:00:02] LiveBook: 2948 Games} 7. cxd5 cxd5 8. Ne5 Nbd7 9. Nc3 Nb6 {[%emt 0:05:07] D79: Fianchetto Grünfeld: Symmetrical Variation (6 0-0 c6 7 cxd5 cxd5)} 10. b3 Be6 (10... Bf5 11. Bb2 Rc8 12. Rc1 Ng4 13. Nxg4 Bxg4 14. a4 Bh6 15. f4 a5 16. Qd3 Bg7 17. e3 {½-½ (49) Tadic,B (2472)-Skoberne,J (2542) chess.com INT 2017}) 11. Ba3 Nfd7 $146 ({Predecessor:} 11... Re8 12. Qd2 Nfd7 13. Nf3 h6 14. Rac1 a6 15. e3 Rc8 16. Ne2 Nf6 17. Ne5 {½-½ (32) Lang,U (1994)-Just,J (2151) Bad Wiessee 2003}) 12. Nf3 Nf6 13. Rc1 Rc8 14. Ne5 Nfd7 15. f4 Nxe5 16. fxe5 Bh6 17. Rc2 Bf5 18. e4 dxe4 19. Bxe4 Bxe4 20. Nxe4 Rxc2 21. Qxc2 Qxd4+ 22. Kg2 Qxe5 23. Bb2 Qd5 24. Rd1 Qc6 25. Qxc6 bxc6 26. a4 Nd5 27. Kf3 Bg7 28. Ba3 Rb8 29. Rd3 f5 30. Nc5 e5 31. Rd1 e4+ 32. Kf2 a5 33. g4 Re8 34. gxf5 gxf5 35. Nb7 Rb8 36. Nxa5 f4 37. Bd6 Re8 38. Nxc6 Nc3 39. Rc1 e3+ 40. Kf3 e2 41. Ne7+ Kf7 42. a5 $2 (42. Re1 $17 {ist der einzige Weg für Weiss..}) 42... Rxe7 43. Bxe7 Kxe7 44. a6 Bd4 45. b4 Kd6 46. b5 Be3 47. Ra1 Nxb5 48. Kxe2 Kc6 49. Kf3 Kb6 50. Rd1 Kxa6 51. Rd7 h6 52. Rh7 Nd4+ 53. Ke4 Kb5 54. Rxh6 Kc4 55. Rh8 Ne6 56. Rc8+ Nc5+ 57. Kf3 Kd4 58. h4 Ke5 59. h5 Kf5 60. Rg8 Ne6 61. h6 Nd4+ 62. Kg2 f3+ 63. Kg3 Bxh6 64. Rd8 Bf4+ 65. Kf2 Ne6 66. Ra8 $2 (66. Rg8 $11) 66... Kg4 67. Rg8+ Ng5 68. Rg7 Bg3+ 69. Ke3 f2 70. Ke2 Kf4 71. Rg8 Nh3 72. Rf8+ Ke4 73. Re8+ Kf4 74. Rf8+ Kg4 75. Rg8+ Ng5 76. Kf1 Bh4 77. Kg2 Kf4 78. Rf8+ Ke3 79. Re8+ Ne4 80. Re6 Bg3 81. Re8 Bh4 82. Re6 $11 Kd3 83. Re5 Kd4 84. Rf5 Bg3 85. Rf8 Ke3 86. Re8 Kd3 87. Rd8+ Ke3 1/2-1/2

[Event "29th Czech Open-Rapid 2018"]
[Site "Pardubice"]
[Date "2018.07.19"]
[Round "4"]
[White "Zhuravlev, Stepan"]
[Black "Priyanka, Nutakki"]
[Result "1/2-1/2"]
[ECO "E32"]
[WhiteElo "2206"]
[BlackElo "1839"]
[Annotator "NA"]
[PlyCount "102"]
[EventDate "2018.07.18"]
[EventType "swiss"]
[EventCountry "CZE"]
[SourceTitle "playchess.com"]
[Source "ChessBase"]
[SourceQuality "1"]
[TimeControl "900+10"]

1. d4 Nf6 2. c4 e6 3. Nc3 Bb4 4. Qc2 O-O 5. a3 Bxc3+ 6. Qxc3 d6 7. Bg5 Nbd7 8. e3 h6 9. Bh4 e5 10. Bd3 Re8 11. Ne2 Nf8 12. h3 c6 13. O-O-O e4 14. Bc2 d5 15. c5 Ng6 16. Bg3 a5 17. Bh2 b6 18. Bd6 Ba6 19. Nf4 Nxf4 20. Bxf4 bxc5 21. dxc5 Nd7 22. Ba4 Rc8 23. Rhg1 Qf6 24. Qxa5 Be2 25. Rd2 Ra8 26. Qb4 Bc4 27. Bd6 Ne5 28. Bc2 Qg5 29. Rdd1 Qf6 30. Rd2 Qg5 31. Rdd1 Be2 32. Rde1 Bd3 33. Bxe5 Qxe5 34. Qd4 Qf5 35. f4 Bxc2 36. Kxc2 Reb8 37. Ra1 Qh5 38. Qd1 Qf5 39. Qd4 Qh5 40. Qd1 Qf5 41. g4 Qc8 42. b4 Qa6 43. Qd4 Qe2+ 44. Qd2 Qc4+ 45. Qc3 Qe2+ 46. Qd2 Qc4+ 47. Qc3 Qe2+ 48. Kb3 Qb5 49. g5 h5 50. h4 Ra5 51. Rgc1 Raa8 1/2-1/2

[Event "29th Czech Open-Rapid 2018"]
[Site "Pardubice"]
[Date "2018.07.19"]
[Round "4"]
[White "Illetsko, Jaroslav"]
[Black "Straka, Vojtech"]
[Result "0-1"]
[ECO "B10"]
[WhiteElo "2177"]
[BlackElo "1722"]
[Annotator "NA"]
[PlyCount "70"]
[EventDate "2018.07.18"]
[EventType "swiss"]
[EventCountry "CZE"]
[SourceTitle "playchess.com"]
[Source "ChessBase"]
[SourceQuality "1"]
[TimeControl "900+10"]

1. e4 c6 2. Nc3 d5 3. Nf3 d4 4. Ne2 c5 5. c3 Nc6 6. d3 e5 7. c4 Bg4 8. Ng3 Be7 9. h3 Be6 10. Be2 Nf6 11. O-O O-O 12. Ng5 Bd7 13. f4 h6 14. Nf3 Bd6 15. fxe5 Nxe5 16. Nxe5 Bxe5 17. Nf5 Bxf5 18. Rxf5 Qd6 19. Bd2 Rad8 20. a3 b6 21. b4 g6 22. Rf1 Kg7 23. Qc1 Rh8 24. Bf3 Rdg8 25. b5 g5 26. a4 g4 27. hxg4 Bh2+ 28. Kh1 h5 29. g5 Ng4 30. g3 Qxg3 31. Qe1 Qxe1 32. Raxe1 Bg3 33. Re2 Ne5 34. Kg2 h4 35. a5 Nxd3 0-1

[Event "29th Czech Open-Rapid 2018"]
[Site "Pardubice"]
[Date "2018.07.19"]
[Round "4"]
[White "Vokoun, Jan"]
[Black "Harshini, A."]
[Result "0-1"]
[ECO "A48"]
[WhiteElo "2155"]
[BlackElo "1747"]
[Annotator "NA"]
[PlyCount "44"]
[EventDate "2018.07.18"]
[EventType "swiss"]
[EventCountry "CZE"]
[SourceTitle "playchess.com"]
[Source "ChessBase"]
[SourceQuality "1"]
[TimeControl "900+10"]

1. Nf3 Nf6 2. d4 g6 3. c3 Bg7 4. Bf4 d5 5. h3 Nbd7 6. Nbd2 O-O 7. e3 c5 8. Be2 b6 9. O-O Bb7 10. a4 Re8 11. Bh2 Ne4 12. Nxe4 dxe4 13. Nd2 e5 14. dxe5 Nxe5 15. Bxe5 Rxe5 16. Nc4 Rd5 17. Qb3 Qh4 18. Rfd1 Rg5 19. Bg4 Bd5 20. Rxd5 Rxd5 21. Nxb6 Rd2 22. g3 Qf6 0-1

[Event "29th Czech Open-Rapid 2018"]
[Site "Pardubice"]
[Date "2018.07.19"]
[Round "4"]
[White "Claridge Hansen, William"]
[Black "Kusa, Jakub"]
[Result "1-0"]
[ECO "A14"]
[WhiteElo "2146"]
[BlackElo "1781"]
[Annotator "NA"]
[PlyCount "55"]
[EventDate "2018.07.18"]
[EventType "swiss"]
[EventCountry "CZE"]
[SourceTitle "playchess.com"]
[Source "ChessBase"]
[SourceQuality "1"]
[TimeControl "900+10"]

1. c4 Nf6 2. g3 e6 3. Bg2 d5 4. Nf3 Be7 5. O-O O-O 6. b3 c5 7. cxd5 exd5 8. d4 Nc6 9. Bb2 Re8 10. Nc3 b6 11. Rc1 Bb7 12. Na4 cxd4 13. Nxd4 Nxd4 14. Qxd4 Bd6 15. e3 Be5 16. Qd2 Bxb2 17. Qxb2 Qd6 18. Rfd1 Rac8 19. Nc3 Qe5 20. Rd4 h6 21. h3 a6 22. Qd2 Rc5 23. Rd1 Rec8 24. Nxd5 Nxd5 25. Bxd5 Rc2 26. Qd3 R8c3 27. Bxf7+ Kxf7 28. Rd7+ 1-0

[Event "29th Czech Open-Rapid 2018"]
[Site "Pardubice"]
[Date "2018.07.19"]
[Round "4"]
[White "Nikologorsky, Matfei"]
[Black "Khmelev, Mikhail"]
[Result "1-0"]
[ECO "C07"]
[WhiteElo "2140"]
[BlackElo "1977"]
[Annotator "NA"]
[PlyCount "149"]
[EventDate "2018.07.18"]
[EventType "swiss"]
[EventCountry "CZE"]
[SourceTitle "playchess.com"]
[Source "ChessBase"]
[SourceQuality "1"]
[TimeControl "900+10"]

1. e4 e6 2. d4 d5 3. Nd2 c5 4. Ngf3 Nc6 $11 {[%emt 0:00:50] LiveBook: 1064 Games} 5. Bb5 cxd4 6. Nxd4 Bd7 7. Nxc6 bxc6 8. Bd3 Bd6 9. Qe2 Ne7 10. Nf3 Ng6 11. e5 Be7 12. O-O O-O 13. c4 Rb8 14. g3 Qb6 15. h4 f6 16. exf6 Bxf6 17. Ng5 Bxg5 18. hxg5 Qd4 19. Rd1 Qb6 20. b3 Rbe8 21. Bb2 e5 22. Bxg6 hxg6 23. cxd5 Bg4 24. Qe1 Bxd1 25. Rxd1 cxd5 26. Rxd5 Rf3 27. Kg2 Ref8 28. Rd2 e4 29. Bd4 Qb7 30. Be3 R3f5 31. Qd1 a5 32. Rd7 Qc6 33. Rd6 Qb7 34. Kg1 Qf7 35. Rd7 Qe6 36. Qd4 R5f7 37. Rd6 Qf5 38. Rd5 Qg4 39. Re5 Qe2 40. Rxe4 Qxa2 41. Qd5 Qa1+ 42. Kg2 Qc3 43. Re6 Qc7 44. Rxg6 Rd8 45. Qc6 Qxc6+ 46. Rxc6 Rb7 47. Ra6 Rxb3 48. Rxa5 Rb7 49. Bf4 g6 50. Ra6 Kh7 51. Kh3 Re8 52. Kg4 Rf7 53. Ra5 Rfe7 54. Bd6 Rd7 55. Ba3 Rf7 56. f4 Rd7 57. Bb2 Rb7 58. Be5 Rbe7 59. Bf6 Rf7 60. Ra1 Kg8 61. Kf3 Rd7 62. Ra3 Kh7 63. g4 Kg8 64. f5 Kf7 65. Kf4 Rc8 66. Rh3 Rc4+ 67. Ke3 gxf5 68. gxf5 Rc6 69. Rh7+ Ke8 70. Rh8+ Kf7 71. Be5 Rc1 72. g6+ Ke7 73. f6+ Ke6 74. Re8+ Kf5 75. f7 1-0

[Event "29th Czech Open-Rapid 2018"]
[Site "Pardubice"]
[Date "2018.07.19"]
[Round "4"]
[White "Kutynec, Vladimir"]
[Black "Burdalev, Kirill"]
[Result "0-1"]
[ECO "E91"]
[WhiteElo "2134"]
[BlackElo "2383"]
[Annotator "NA"]
[PlyCount "70"]
[EventDate "2018.07.18"]
[EventType "swiss"]
[EventCountry "CZE"]
[SourceTitle "playchess.com"]
[Source "ChessBase"]
[SourceQuality "1"]
[TimeControl "900+10"]

1. Nf3 Nf6 2. c4 g6 3. Nc3 Bg7 4. e4 O-O 5. d4 d6 6. Be2 c5 7. d5 e6 8. h3 exd5 9. exd5 Bf5 10. O-O Ne4 11. Bd3 Nxc3 12. bxc3 Bxd3 13. Qxd3 Nd7 14. Rb1 Nb6 15. Re1 Qd7 16. Bf4 Rfe8 17. Ng5 Rxe1+ 18. Rxe1 Rd8 19. Ne4 Re8 20. Kf1 Nc8 21. Bg5 f5 22. Nf6+ Bxf6 23. Bxf6 Rxe1+ 24. Kxe1 Kf7 25. Bg5 Qe8+ 26. Kf1 Nb6 27. Bf4 Qa4 28. Bxd6 Qxa2 29. Bxc5 Nxc4 30. d6 Qa1+ 31. Ke2 Qa2+ 32. Kf1 Ne5 33. Qb5 Qd5 34. Kg1 b6 35. d7 Qd3 0-1

[Event "29th Czech Open-Rapid 2018"]
[Site "Pardubice"]
[Date "2018.07.19"]
[Round "4"]
[White "Tarakanov, Oleg"]
[Black "Matviishen, Viktor"]
[Result "0-1"]
[ECO "C44"]
[WhiteElo "2128"]
[BlackElo "2425"]
[Annotator "NA RC"]
[PlyCount "54"]
[EventDate "2018.07.18"]
[EventType "swiss"]
[EventCountry "CZE"]
[SourceTitle "playchess.com"]
[Source "ChessBase"]
[SourceQuality "1"]
[TimeControl "900+10"]

1. e4 e5 2. Nf3 Nc6 3. d4 exd4 4. c3 d5 5. exd5 Qxd5 6. cxd4 Bg4 7. Be2 O-O-O 8. Nc3 Qa5 9. Be3 Nf6 10. O-O Bb4 11. Qb3 Be6 12. Qc2 Rhe8 13. a3 Bxc3 14. bxc3 Bf5 15. Bd3 Bxd3 16. Qxd3 Ne4 17. Rfc1 g5 18. Rab1 g4 19. Nh4 Qxa3 20. Rxb7 Kxb7 21. Qb5+ Kc8 22. Qxc6 Re6 23. Qa8+ Kd7 24. Qd5+ Ke8 25. Qb5+ c6 26. Qh5 Nf6 27. Qg5 Qxc1+ 0-1

[Event "29th Czech Open-Rapid 2018"]
[Site "Pardubice"]
[Date "2018.07.19"]
[Round "4"]
[White "Vinklarek, Ondrej"]
[Black "Skoloud, Barnabas"]
[Result "1-0"]
[ECO "A04"]
[WhiteElo "2122"]
[BlackElo "1637"]
[Annotator "NA"]
[PlyCount "75"]
[EventDate "2018.07.18"]
[EventType "swiss"]
[EventCountry "CZE"]
[SourceTitle "playchess.com"]
[Source "ChessBase"]
[SourceQuality "1"]
[TimeControl "900+10"]

1. Nf3 f5 2. d3 d5 3. Nbd2 Nf6 4. Ne5 e6 5. f4 d4 6. Ndf3 Bb4+ 7. Bd2 Bxd2+ 8. Qxd2 c5 9. e3 Nc6 10. Nxc6 bxc6 11. exd4 cxd4 12. Qb4 Nd5 13. Qxd4 O-O 14. g3 Rb8 15. Bg2 Qa5+ 16. Nd2 c5 17. Qe5 Nb4 18. Qc3 Qa4 19. b3 Qa5 20. a3 Nxd3+ 21. Qxd3 Ba6 22. Qe3 Rbd8 23. Rd1 Rd6 24. Kf2 Rfd8 25. Nc4 Bxc4 26. Rxd6 Rxd6 27. bxc4 Rd2+ 28. Kf3 Qd8 29. Qxe6+ Kh8 30. Qxf5 h6 31. Re1 Rd4 32. Re2 Rxc4 33. Qe6 Rc3+ 34. Kg4 Qd1 35. Qe8+ Kh7 36. Bf3 h5+ 37. Qxh5+ Kg8 38. Re8# 1-0

[Event "29th Czech Open-Rapid 2018"]
[Site "Pardubice"]
[Date "2018.07.19"]
[Round "4"]
[White "Kyrychenko, Maryan"]
[Black "Westerinen, Heikki MJ"]
[Result "0-1"]
[ECO "B02"]
[WhiteElo "2120"]
[BlackElo "2312"]
[Annotator "NA"]
[PlyCount "72"]
[EventDate "2018.07.18"]
[EventType "swiss"]
[EventCountry "CZE"]
[SourceTitle "playchess.com"]
[Source "ChessBase"]
[SourceQuality "1"]
[TimeControl "900+10"]

1. e4 Nf6 2. e5 Nd5 3. c4 Nb6 4. a4 a5 5. d4 d6 6. exd6 exd6 7. Nf3 Nc6 8. Bd3 Be7 9. O-O O-O 10. Nc3 Bg4 11. Be3 Bf6 12. Nb5 Nb4 13. Be2 c6 14. Na3 Re8 15. h3 Bf5 16. Qd2 h6 17. b3 d5 18. Rad1 dxc4 19. Nxc4 N6d5 20. Nfe5 Bc2 21. Rc1 Bxb3 22. Bd1 Bxc4 23. Nxc4 b5 24. Na3 Nxe3 25. fxe3 Rxe3 26. Rxf6 Rxa3 27. Rf4 Rd3 28. Qf2 Qg5 29. Be2 Rd2 30. h4 Qe7 31. Re1 Re8 32. Rxf7 Qxf7 33. Qxf7+ Kxf7 34. Bh5+ g6 35. Bxg6+ Kxg6 36. Rxe8 bxa4 0-1

[Event "29th Czech Open-Rapid 2018"]
[Site "Pardubice"]
[Date "2018.07.19"]
[Round "4"]
[White "Mitra, Roman"]
[Black "Nun, Jiri"]
[Result "0-1"]
[ECO "B10"]
[WhiteElo "2118"]
[BlackElo "2337"]
[Annotator "NA"]
[PlyCount "88"]
[EventDate "2018.07.18"]
[EventType "swiss"]
[EventCountry "CZE"]
[SourceTitle "playchess.com"]
[Source "ChessBase"]
[SourceQuality "1"]
[TimeControl "900+10"]

1. e4 c6 2. d3 g6 3. g3 Bg7 4. Bg2 d5 5. Nd2 Nf6 6. Ne2 O-O 7. O-O e5 8. b3 a5 9. a4 Na6 10. Bb2 Re8 11. Re1 dxe4 12. dxe4 b5 13. axb5 cxb5 14. Nc3 Bd7 15. Qe2 Nb4 16. Nf1 Qb6 17. Ne3 Rac8 18. h3 Rc5 19. Ncd5 Nfxd5 20. exd5 f5 21. c3 Na6 22. Qd2 Rcc8 23. c4 b4 24. Qd1 Nc5 25. Kh2 e4 26. Bxg7 Kxg7 27. Bf1 Ra8 28. Qd4+ Kg8 29. Ng2 Qd6 30. Re3 Qe5 31. Qd1 a4 32. bxa4 Nxa4 33. f4 Qf6 34. Rb3 Reb8 35. Qc1 Qd6 36. Ne3 Qc5 37. Qb1 Nc3 38. Rxa8 Rxa8 39. Qc1 Ra2+ 40. Kh1 Ba4 41. Rxc3 bxc3 42. Qxc3 Ra3 43. Qf6 Rxe3 44. Qe6+ Kg7 0-1

[Event "29th Czech Open-Rapid 2018"]
[Site "Pardubice"]
[Date "2018.07.19"]
[Round "4"]
[White "Dimitrov, Dejan"]
[Black "Bente, Bjoern"]
[Result "1/2-1/2"]
[ECO "A01"]
[WhiteElo "2102"]
[BlackElo "2228"]
[Annotator "NA"]
[PlyCount "49"]
[EventDate "2018.07.18"]
[EventType "swiss"]
[EventCountry "CZE"]
[SourceTitle "playchess.com"]
[Source "ChessBase"]
[SourceQuality "1"]
[TimeControl "900+10"]

1. b3 e5 2. Bb2 Nc6 3. e3 Nf6 4. c4 g6 5. Nf3 d6 6. Be2 Bg7 7. d4 O-O 8. O-O exd4 9. Nxd4 Nxd4 10. Bxd4 Bf5 11. Nd2 Re8 12. Rc1 Ne4 13. Nxe4 Bxe4 14. Bxg7 Kxg7 15. Qd4+ Qf6 16. Rfd1 a5 17. a3 b6 18. Qxf6+ Kxf6 19. Bd3 Bc6 20. Bc2 Re5 21. Rd4 h5 22. h4 Rae8 23. Rcd1 Be4 24. Bxe4 Rxe4 25. g3 1/2-1/2